 Dungeon Crawl Stone Soup version 0.30-a0-651-g0755cc6dcf (webtiles) character file.

Game seed: 9764068991516329701

2452 Citaku the Protected (level 9, -1/79 HPs)
             Began as a Minotaur Fighter on Jan 17, 2023.
             Was an Initiate of Gozag.
             Slain by a yak (3 damage)
             ... on level 6 of the Dungeon.
             The game lasted 00:07:14 (4843 turns).

Citaku the Protected (Minotaur Fighter)             Turns: 4843, Time: 00:07:15

Health: -1/79      AC: 10    Str: 27    XL:     9   Next: 25%
Magic:  8/8        EV:  9    Int:  5    God:    Gozag
Gold:   341        SH:  6    Dex: 13    Spells: 8/8 levels left

rFire   + . .      SeeInvis .    a - +0 war axe
rCold   . . .      Faith    .    c - +0 buckler
rNeg    . . .      Spirit   .    b - +0 scale mail
rPois   +          Reflect  .    (helmet restricted)
rElec   .          Harm     .    d - +0 cloak {Stlth+}
rCorr   .          Rampage  .    (no gloves)
Will    .....                    (no boots)
Stlth   +                        u - amulet "Wuthagal" {Acrobat rPois rF+ Str+2 Dex+3}
HPRegen 0.33/turn                (no ring)
MPRegen 0.11/turn                (no ring)

@: gold aura
A: horns 2, retaliatory headbutt
a: Renounce Religion, Potion Petition, Call Merchant, Bribe Branch


You were on level 6 of the Dungeon.
You worshipped Gozag.
Gozag was aware of your devotion.
You visited 2 branches of the dungeon, and saw 7 of its levels.

You collected 410 gold pieces.
You paid 69 gold pieces to Gozag.

Inventory:

Hand Weapons
 a - a +0 war axe (weapon)
Armour
 b - a +0 scale mail (worn)
 c - a +0 buckler (worn)
 d - a +0 cloak of stealth (worn)
Jewellery
 u - the amulet "Wuthagal" (around neck) {Acrobat rPois rF+ Str+2 Dex+3}
   (You found it on level 5 of the Dungeon)

   [amulet of the acrobat]

   It increases your evasion while moving and waiting.
   Str:       It affects your strength (+2).
   Dex:       It affects your dexterity (+3).
   rF:        It protects you from fire.
   rPois:     It protects you from poison.
 z - a ring of magical power
Wands
 r - a wand of light (5)
 y - a wand of digging (4)
Scrolls
 g - 6 scrolls of identify {unknown}
 h - 2 scrolls of enchant weapon {unknown}
 j - 3 scrolls of noise {unknown}
 k - 2 scrolls of amnesia {unknown}
 n - a scroll of fog {unknown}
 o - a scroll of enchant armour {unknown}
 p - a scroll of teleportation {unknown}
 q - a scroll of torment {unknown}
 w - a scroll of immolation {unknown}
Potions
 e - 3 potions of curing {unknown}
 f - 2 potions of attraction {unknown}
 i - 2 potions of heal wounds {unknown}
 l - a potion of haste
 m - a potion of resistance
 s - 2 potions of magic {unknown}
 t - 2 potions of mutation {unknown}
 v - a potion of lignification {unknown}
 x - a potion of flight {unknown}


   Skills:
 + Level 7.0 Fighting
 * Level 9.0 Axes
 * Level 9.5 Armour
 + Level 7.1 Shields


You had 8 spell levels left.
You didn't know any spells.
Your spell library contained the following spells:

 Spells                   Type           Power      Damage    Failure   Level
 Sandblast                Erth           0%         2d4       78%         1
 Passwall                 Tmut/Erth      0%         N/A       89%         2
 Hailstorm                Conj/Ice       0%         3d3       98%         3
 Ignite Poison            Fire/Tmut/Pois 0%         N/A       98%         3
 Kindle Blastsparks       Fire/Tloc/Air  0%         2d10      98%         3
 Stone Arrow              Conj/Erth      0%         3d7       98%         3
 Ice Form                 Ice/Tmut       0%         N/A       100%        4
 Freezing Cloud           Conj/Ice/Air   0%         6-21      100%        5
 Simulacrum               Ice/Necr       Unusable   N/A       N/A         6

Dungeon Overview and Level Annotations

Branches:
Dungeon (6/15)             Temple (1/1) D:5

Altars:
Cheibriados
Dithmenos
Elyvilon
Fedhas
Gozag
Hepliaklqana
Kikubaaqudgha
Makhleb
Nemelex Xobeh
Okawaru
Qazlal
Ru
Sif Muna
Trog
Uskayaw
Wu Jian
Xom
Yredelemnul
Zin
The Shining One

Annotations:
D:5 1 runed translucent door


Innate Abilities, Weirdness & Mutations

You have a pair of horns on your head.
You reflexively headbutt those who attack you in melee.


Message History

The yak is heavily wounded.
The yak gores you.
You barely miss the yak.
The yak is heavily wounded.
The yak gores you.
You closely miss the yak. You headbutt the yak.
The yak is heavily wounded.
The yak gores you!
* * * LOW HITPOINT WARNING * * *
You barely miss the yak.
The yak is heavily wounded.
The yak gores you but does no damage. The yak gores you.
* * * LOW HITPOINT WARNING * * *
You slash the yak! You headbutt the yak, but do no damage.
The yak is severely wounded.
The yak gores you.
* * * LOW HITPOINT WARNING * * *
You slice the yak!!
You kill the yak!
You block the ufetubus's attack. The ufetubus hits you.
* * * LOW HITPOINT WARNING * * *
Your Fighting skill increases to level 7!
You closely miss the ufetubus. You headbutt the ufetubus.
You kill the ufetubus!
Your Axes skill increases to level 9!
You slash the yak!
The yak is moderately wounded.
The yak gores you but does no damage.
You closely miss the yak. You headbutt the yak.
The yak is heavily wounded.
The yak gores you but does no damage.
You completely miss the yak.
The yak is heavily wounded.
The yak gores you!
* * * LOW HITPOINT WARNING * * *
You slash the yak!
The yak is severely wounded.
The yak gores you.
You die...
Your body crumbles into a pile of gold.

###.....#..#.###.....
#.......#..#.# ####..
#......##..#.#
#....#.....#.#
#....###...#.. #....#
#...### # #....#
#...# ##.#....####..#
........Y@....#
#.......####.##
#.......# #.#
#......5Y..#
#......Y.....#
#..............
+.......#Y.####
#.......#[.>
...####......


You could see a yak.

Vanquished Creatures
  Grinder (D:4)
  5 yaks (D:6)
  The ghost of Decipherer the Poker, an amateur MiBe of Trog (D:3)
  An ice beast (D:5)
  An ogre (D:5)
  A phantom (D:5)
  6 scorpions (D:5)
  A necrophage (D:5)
  3 hounds (D:5)
  A jelly (D:6)
  2 orc priests
  Crazy Yiuf (D:2)
  2 gnoll boudas (D:5)
  Natasha (thrice) (D:4)
  An orc wizard (D:5)
  18 gnolls
  8 adders
  A white imp (D:4)
  3 ufetubi
  7 dart slugs
  6 orcs
  3 bats
  5 endoplasms
  7 giant cockroaches
  13 goblins
  4 hobgoblins
  2 jackals (D:2)
  4 quokkas
  5 ball pythons
  6 frilled lizards
  8 kobolds
  4 rats
  4 butterflies (D:5)
138 creatures vanquished.

Vanquished Creatures (others)
  5 toadstools (D:1)
5 creatures vanquished.

Grand Total: 143 creatures vanquished

Notes
Turn   | Place    | Note
-------+----------+-------------------------------------------
     0 | D:1      | Citaku the Minotaur Fighter began the quest for the Orb.
     0 | D:1      | Reached XP level 1. HP: 19/19 MP: 0/0
   245 | D:1      | Reached XP level 2. HP: 24/27 MP: 1/1
   782 | D:2      | Reached XP level 3. HP: 33/33 MP: 2/2
  1046 | D:2      | Found a runed translucent door.
  1047 | D:2      | Noticed Crazy Yiuf
  1209 | D:2      | Killed Crazy Yiuf
  1210 | D:2      | Reached XP level 4. HP: 16/40 MP: 1/3
  1589 | D:3      | Found a runed translucent door.
  1591 | D:3      | Noticed Decipherer's ghost (amateur MiBe)
  1607 | D:3      | Killed Decipherer's ghost
  1608 | D:3      | Reached skill level 5 in Armour
  1608 | D:3      | Reached XP level 5. HP: 13/47 MP: 4/4
  1968 | D:3      | Reached XP level 6. HP: 51/53 MP: 5/5
  2551 | D:4      | Reached skill level 5 in Axes
  2663 | D:4      | Identified the +2 leather armour of the Snail {rF++ rN+
                  | Regen+}
  2664 | D:4      | Noticed Natasha
  2668 | D:4      | Killed Natasha
  2795 | D:4      | Reached skill level 5 in Shields
  3064 | D:4      | Noticed Natasha
  3075 | D:4      | Killed Natasha
  3076 | D:4      | Reached skill level 5 in Fighting
  3150 | D:4      | Noticed Grinder
  3166 | D:4      | Killed Grinder
  3167 | D:4      | Reached XP level 7. HP: 53/61 MP: 6/6
  3304 | D:4      | Noticed Natasha
  3311 | D:4      | Killed Natasha
  3396 | D:5      | Entered Level 5 of the Dungeon
  3555 | D:5      | Identified the amulet "Wuthagal" {Acrobat rPois rF+ Str+2
                  | Dex+3}
  3694 | D:5      | Found a staircase to the Ecumenical Temple.
  3706 | D:5      | Reached XP level 8. HP: 70/70 MP: 7/7
  3721 | Temple   | Entered the Ecumenical Temple
  3721 | Temple   | Found a transporter.
  3721 | Temple   | Found a transporter.
  3723 | Temple   | Found a transporter.
  3723 | Temple   | Found a transporter.
  3738 | Temple   | Became a worshipper of Gozag Ym Sagoz the Greedy
  3964 | D:5      | Found an ornate altar of the Wu Jian Council.
  4309 | D:5      | Found a runed translucent door.
  4437 | D:5      | Found a runed translucent door.
  4813 | D:6      | Reached XP level 9. HP: 49/78 MP: 8/8
  4842 | D:6      | HP: 1/79 [yak (8)]
  4843 | D:6      | Slain by a yak

Illustrated notes

Levels and vault maps discovered:
D:1:      ldierk_walled_garden, layout_loops_ring
D:2:      layout_rooms, uniq_crazy_yiuf_cottage
D:3:      layout_basic, ebering_ghost_sewer_d
D:4:      layout_rooms, uniq_grinder, uniq_natasha
D:5:      lemuel_insect_pit, layout_loops_ring, mainiacjoe_overflow_chevrons,
          minmay_temple_entry_slanted
D:6:      layout_basic, mainiacjoe_overflow_catch_the_wave, nicolae_half_adder
Temple:   hellmonk_temple_divided_pantheon

Skill      XL: |  1  2  3  4  5  6  7  8  9 |
---------------+----------------------------+-----
Armour         | 4 5 6 7 9 |  9.5
Axes           | 3 4 5 6 8 9 |  9.0
Shields        | 4 5 6 7 |  7.1
Fighting       | 4 5 6 7 |  7.0

Action                   |  1- 3 |  4- 6 |  7- 9 || total
-------------------------+-------+-------+-------++-------
Melee: War axe           |    97 |   114 |   175 ||   386
       Headbutt          |    14 |    11 |    35 ||    60
  Use: Potion            |     1 |     1 |       ||     2
Armor: Scale mail        |    47 |    54 |    69 ||   170
Dodge: Dodged            |    43 |    49 |    73 ||   165
Block: Buckler           |    27 |    26 |    43 ||    96

Table legend: (Time is in decaauts)
 A = Elapsed time spent in this place.
 B = Non-inter-level travel time spent in this place.
 C = Inter-level travel time spent in this place.
 D = Time resting spent in this place.
 E = Time spent auto-exploring this place.
 F = Levels seen in this place.
 G = Mean time per level.
                   A        B        C        D        E       F      G
               +--------+--------+--------+--------+--------+-----+--------+
         Total |   4940 |   4843 |     97 |      0 |   3784 |   7 |  705.7 |
       Dungeon |   4879 |   4782 |     97 |      0 |   3782 |   6 |  813.2 |
        Temple |     60 |     60 |      0 |      0 |      2 |   1 |   60.0 |
               +--------+--------+--------+--------+--------+-----+--------+

Top non-repeatable levels by time:
     D:5: 1323 daAuts
     D:3: 975 daAuts
     D:4: 924 daAuts
     D:1: 799 daAuts
     D:2: 768 daAuts
     D:6: 88 daAuts
  Temple: 60 daAuts
